 Dungeon Crawl Stone Soup version 0.17-a0-2171-ga91b4ec (webtiles) character file.

36 xeno23 the Scratcher (level 3, 0/15 HPs)
             Began as a Felid Transmuter on Oct 25, 2015.
             Slain by a human zombie (7 damage)
             ... on level 2 of the Dungeon.
             The game lasted 00:05:01 (1706 turns).

xeno23 the Scratcher (Felid Transmuter)             Turns: 1706, Time: 00:05:01

Health: 0/15       AC:  1    Str:  6    XL:     3   Next: 19%
Magic:  6/7        EV: 18    Int: 15    God:
Gold:   49         SH:  0    Dex: 16    Spells: 2 memorised, 3 levels left
                                        Lives:  0   Deaths: 0

rFire  . . .     SeeInvis +       - Unarmed
rCold  . . .     Clarity  .     (armour unavailable)
rNeg   . . .     SustAt   .     (shield unavailable)
rPois  .         Gourm    .     (helmet unavailable)
rElec  .         Spirit   .     (cloak unavailable)
rCorr  .         Warding  .     (gloves unavailable)
rMut   .         Stasis   .     (boots unavailable)
MR     .....                    (no amulet)
Stlth  ++........               (no ring)
                                (no ring)

@: appendage (expiring), quick, not resistant to hostile enchantments,
unstealthy
A: no armour, no weapons or thrown items, claws 1, fangs 3, horns 2, see
invisible, carnivore 3, speed 1, shaggy fur 1, slow metabolism 1, sharp paws
a: End Transformation


You were on level 2 of the Dungeon.
You were very full.
You had grown temporary horns.
You visited 1 branch of the dungeon, and saw 2 of its levels.

You collected 49 gold pieces.

Inventory:

Missiles
 a - 11 arrows
Scrolls
 d - 2 scrolls of teleportation {unknown}
 e - a scroll of blinking {unknown}
 h - a scroll of identify {unknown}
Potions
 g - a potion of lignification {unknown}
 i - a potion of ambrosia {unknown}
Books
 b - a book of Changes

   Spells                             Type                      Level
   a - Beastly Appendage              Transmutation                1
   b - Sticks to Snakes               Transmutation                2
   c - Spider Form                    Transmutation/Poison         3
   d - Ice Form                       Ice/Transmutation            4
   e - Blade Hands                    Transmutation                5
Comestibles
 c - 2 meat rations
 f - a royal jelly


   Skills:
 + Level 1.4 Fighting
 + Level 3.0 Dodging
 + Level 0.8 Stealth
 * Level 3.5 Unarmed Combat
 + Level 2.2 Spellcasting
 * Level 2.5 Transmutations


You had 3 spell levels left.
You knew the following spells:

 Your Spells              Type           Power        Failure   Level  Hunger
a - Beastly Appendage     Trmt           #.....       10%         1    #......
s - Sticks to Snakes      Trmt           #.........   12%         2    ###....


Dungeon Overview and Level Annotations

Branches:
Dungeon (2/15)

Altars:
Yredelemnul

Annotations:
D:2 1 runed door


Innate Abilities, Weirdness & Mutations

You cannot wear armour.
You are incapable of wielding weapons or throwing items.
You have sharp claws.
You have razor-sharp teeth.
You have supernaturally acute eyesight.
You are carnivorous and can eat meat at any time.
You cover ground quickly.
You are covered in fur (AC +1).
You have a slow metabolism.
Your sharp claws are effective at attacking unaware monsters.
You have a pair of horns on your head.


Message History

You take 7 damage.
Sorry, you're not good enough to have a special ability.
Casting: Beastly Appendage
Confirm with . or Enter, or press ? or * to list all spells.
You grow a pair of large bovine horns.
You scratch the human zombie. The human zombie barely misses you.
You claw the jackal skeleton!
You destroy the jackal skeleton!
You completely miss the human zombie. The human zombie hits you.
You take 1 damage.
You barely miss the human zombie. You headbutt the human zombie.
You bite the human zombie. The human zombie misses you.
You scratch the human zombie. You headbutt the human zombie.
Your bite misses the human zombie.
Your transformation is almost over.
The human zombie hits you.
You take 1 damage.
You scratch the human zombie. You barely miss the human zombie.
The human zombie hits you!
You die...

##.###.# .#.# #.#
##... .#.# #.###.....
.. .#.# #.##.........
.#.# .##......#.# .#
.##......#. .#
#8........# .#
#.........#### .#
###........@..# .#
..#.###...Z##.# ###
_.#.+p#....##.# ..#
..#.###....##.#.# ###
##........##.#.#
#######......#####.#.#
......#8.....# #.#.#
########.##### #.#.#
........ #.#.#


You could see a human zombie and a neutral human.

Vanquished Creatures
  A worm (D:2)
  A giant gecko (D:1)
  3 bats
  2 giant cockroaches
  5 goblins
  6 hobgoblins
  3 kobolds
  A giant newt (D:1)
  A jackal skeleton (D:2)
  9 rats
32 creatures vanquished.

Notes
Turn   | Place    | Note
--------------------------------------------------------------
     0 | D:1      | xeno23 the Felid Transmuter began the quest for the Orb.
     0 | D:1      | Reached XP level 1. HP: 9/9 MP: 4/4
   399 | D:1      | Reached XP level 2. HP: 9/12 MP: 6/6
   404 | D:1      | Learned a level 2 spell: Sticks to Snakes
  1141 | D:2      | Reached XP level 3. HP: 15/15 MP: 7/7
  1686 | D:2      | Noticed a human
  1687 | D:2      | Found a runed door.
  1691 | D:2      | Found a basalt altar of Yredelemnul.
  1706 | D:2      | Slain by a human zombie

Vault maps used:
D:1:      nicolae_arrival_somewhat_less_tricky_arrival
D:2:      dk_yredelemnul_ordeal

Action                   || total
-------------------------++-------
Melee: Unarmed           ||    76
 Cast: Beastly Appendage ||     4
       Sticks to Snakes  ||     1
 Stab: Sleeping          ||    10
       Distracted        ||     1
  Eat: Chunk             ||     8
